 Dungeon Crawl Stone Soup version 0.30.0-30-g96aa6591b8 (webtiles) character file.

Game seed: 11700758130183610295

15131 croobank the Transmogrifier (level 12, 0/77 HPs)
             Began as an Octopode Summoner on June 28, 2023.
             Was an Initiate of Gozag.
             Slain by Erolcha
             ... wielding a +0 giant club
              (28 damage)
             ... on level 11 of the Dungeon.
             The game lasted 01:09:47 (14331 turns).

croobank the Transmogrifier (Octopode Summoner)    Turns: 14331, Time: 01:09:48

Health: 0/77       AC:  1    Str:  8    XL:     12   Next: 23%
Magic:  20/22      EV: 14    Int: 29    God:    Gozag
Gold:   640        SH:  7    Dex: 12    Spells: 6/25 levels left

rFire   . . .        i - +1 dagger (freeze)
rCold   . . .        e - +2 buckler
rNeg    . . .        F - +0 hat of Noon {Int+3}
rPois   .            w - amulet "Hidoruol" {Acrobat Rampage Int+4}
rElec   .            d - ring of wizardry
rCorr   .            (no ring)
SInv    .            (no ring)
Will    .....        (no ring)
Stlth   +++          (no ring)
HPRegen 0.32/turn    (no ring)
MPRegen 0.18/turn    (no ring)
                     (no ring)

%: acrobat, rampage, wizardry (x1)
@: very slightly contaminated
A: almost no armour, amphibious, 8 rings, camouflage 1, gelatinous body 1,
(nimble swimmer 1), tentacles
a: Renounce Religion, Potion Petition, Call Merchant, Bribe Branch


You were on level 11 of the Dungeon.
You worshipped Gozag.
Gozag was pleased with you.
You visited 2 branches of the dungeon, and saw 12 of its levels.

You collected 1863 gold pieces.
You spent 1097 gold pieces at shops.
You paid 126 gold pieces to Gozag.

Inventory:

Hand Weapons
 a - a +1 dire flail of holy wrath
 c - a +4 hand axe of chaos
 h - a +0 trident
 i - a +1 dagger of freezing (weapon)
 k - a +4 flail of protection
 B - a +2 scimitar of flaming
 C - a +0 antimagic mace
 E - a +0 demon whip of venom
Missiles
 l - 3 throwing nets
 v - 3 atropa-tipped darts (quivered)
 D - 4 curare-tipped darts
 H - 5 boomerangs
Armour
 e - a +2 buckler (worn)
 t - a +2 hat
 F - the +0 hat of Noon (worn) {Int+3}
   (You acquired it on level 10 of the Dungeon)

   Int:       It affects your intelligence (+3).
Magical Staves
 x - a staff of conjuration
Jewellery
 d - a ring of wizardry (left tentacle)
 g - an amulet of reflection
 o - a ring of ice
 w - the amulet "Hidoruol" (around mantle) {Acrobat Rampage Int+4}
   (You found it on level 6 of the Dungeon)

   [amulet of the acrobat]

   It increases your evasion while moving and waiting.
   Int:       It affects your intelligence (+4).
   Rampage:   It bestows one free step when moving towards enemies.
Wands
 q - a wand of flame (42)
 J - a wand of iceblast (4)
Scrolls
 f - 3 scrolls of blinking
 y - a scroll of amnesia
 N - a scroll of identify
Potions
 b - 5 potions of curing
 j - 2 potions of lignification
 m - a potion of flight
 n - a potion of resistance
 r - a potion of ambrosia
 s - 2 potions of magic
 u - 2 potions of berserk rage
 z - a potion of haste
 A - 2 potions of might
 G - 2 potions of brilliance
 I - a potion of invisibility
 K - 2 potions of mutation
 M - a potion of cancellation
Miscellaneous
 L - a box of beasts


   Skills:
 - Level 5.4 Fighting
 - Level 6.1 Dodging
 - Level 4.0 Stealth
 - Level 4.0 Shields
 + Level 7.0 Spellcasting
 - Level 5.0 Hexes
 - Level 7.1 Summonings
 + Level 9.1 Transmutations
 - Level 4.0 Air Magic
 + Level 9.1 Earth Magic


You had 6 spell levels left.
You knew the following spells:

 Your Spells              Type           Power      Damage    Failure   Level
a - Summon Small Mammal   Summ           100%       N/A       1%          1
b - Call Imp              Summ           100%       N/A       1%          2
c - Call Canine Familiar  Summ           51%        N/A       1%          3
d - Summon Guardian Gole  Hex/Summ       45%        N/A       1%          3
e - Summon Lightning Spi  Summ/Air       42%        N/A       3%          4
s - Statue Form           Tmut/Erth      39%        N/A       12%         6

Your spell library contained the following spells:

 Spells                   Type           Power      Damage    Failure   Level
 Beastly Appendage        Tmut           100%       N/A       1%          1
 Ensorcelled Hibernation  Hex/Ice        48%        N/A       1%          2
 Passwall                 Tmut/Erth      49%        N/A       1%          2
 Wereblood                Tmut           59%        N/A       1%          2
 Spider Form              Tmut/Pois      36%        N/A       1%          3
 Swiftness                Air            33%        N/A       1%          3
 Leda's Liquefaction      Hex/Erth       25%        N/A       1%          4
 Lee's Rapid Deconstruct  Erth           29%        3d15*     1%          5
 Dazzling Flash           Conj/Hex       48%        N/A       3%          3
 Scorch                   Fire           20%        2d5       4%          2
 Volatile Blastmotes      Fire/Tloc      20%        2d11      9%          3
 Silence                  Hex/Air        18%        N/A       13%         5
 Summon Cactus Giant      Summ           25%        N/A       24%         6
 Flame Wave               Conj/Fire      10%        2d6       28%         4
 Iskenderun's Mystic Bla  Conj/Tloc      10%        2d4       28%         4
 Agony                    Necr           10%        N/A       61%         5
 Starburst                Conj/Fire      5%         6d4       98%         6


Dungeon Overview and Level Annotations

Branches:
Dungeon (11/15)            Temple (1/1) D:7            Lair (0/5) D:8
    Orc (0/2) D:9

Altars:
Ashenzari
Cheibriados
Dithmenos
Elyvilon
Fedhas
Gozag
Hepliaklqana
Kikubaaqudgha
Makhleb
Nemelex Xobeh
Okawaru
Qazlal
Ru
Sif Muna
Trog
Uskayaw
Vehumet
Wu Jian
Xom
Yredelemnul
Zin
The Shining One

Shops:
D:6 :   D:11 ([?!!

Annotations:
D:11 Erolcha


Innate Abilities, Weirdness & Mutations

You cannot wear most types of armour.
You are amphibious.
You can wear up to eight rings at the same time.
Your skin changes colour to match your surroundings (Stealth+).
Your rubbery body absorbs attacks. (AC +1, EV +1)
((You are camouflaged when in or above water. (Stealth+)))
You have tentacles for arms and can constrict up to eight enemies at once.


Message History

Erolcha screams, "Erolcha happy to kill you!"
Erolcha hits you with a +0 giant club!
You hit Erolcha but do no damage.
Erolcha is moderately wounded.
You hit Erolcha but do no damage.
Erolcha is moderately wounded.
Erolcha mumbles some strange words.
Erolcha blinks!
Casting: Statue Form (quite dangerous; 12% risk of failure)
Confirm with . or Enter, or press ? or * to list all spells.
Casting: Call Canine Familiar (safe; 1% risk of failure)
Confirm with . or Enter, or press ? or * to list all spells.
You miscast Summon Lightning Spire.
Nothing appears to happen.
Casting: Summon Lightning Spire (dangerous; 3% risk of failure)
Confirm with . or Enter, or press ? or * to list all spells.
You miscast Summon Lightning Spire.
Nothing appears to happen.
Erolcha hits your wolf with a +0 giant club!!
Your wolf dies!
Your wolf's corpse disappears in a puff of smoke!
Casting: Summon Lightning Spire (dangerous; 3% risk of failure)
Confirm with . or Enter, or press ? or * to list all spells.
An electric hum fills the air.
Erolcha gestures wildly while chanting.
Erolcha flickers and vanishes!
Deactivating autopickup; reactivate with Ctrl-A.
You hear some strange, mumbled words.
Casting: Summon Lightning Spire (dangerous; 3% risk of failure)
Confirm with . or Enter, or press ? or * to list all spells.
You don't have enough magic to cast this spell.
Something barely misses you.
You hit something but do no damage. Magic courses through your body.
Something hits you!!
* * * LOW HITPOINT WARNING * * *
You feel much better. Something hits you!!
* * * LOW HITPOINT WARNING * * *
Casting: Summon Lightning Spire (dangerous; 3% risk of failure)
Confirm with . or Enter, or press ? or * to list all spells.
You feel much better. Something hits you!!
You die...
Your body crumbles into a pile of gold.

###)..........##........#
###############+#######
###### ##### ...>.#
##...# ### .....###8.8.#
#####.....
.....##..∩..####@.8......
.....'..8.8...h.{###.....
.....####...###### ...
.....# ##### . ###### # #
# ##


You could see a friendly wolf (summoned) and a friendly lightning spire
(summoned).

Vanquished Creatures
  Nergalle (D:11)
  A shadow (D:9)
  A yak (D:11)
  A wight (D:8)
  A killer bee (D:7)
  A jelly (D:6)
  3 orc priests
  A hound (D:7)
  2 iguanas
  2 orc wizards
  A gnoll (D:4)
  2 adders
  A white imp (D:5)
  A worm (D:4)
  A dart slug (D:2)
  12 orcs
  7 endoplasms
  4 goblins
  3 hobgoblins (D:2)
  3 jackals
  A kobold (D:2)
  4 quokkas
  5 ball pythons
  2 bats
61 creatures vanquished.

Vanquished Creatures (collateral kills)
  A two-headed ogre (D:11)
  Erica (D:9)
  A boulder beetle (D:11)
  Sonja (D:11)
  Amaemon (D:9)
  A gargoyle (D:11)
  An orange demon (D:9)
  A komodo dragon (D:8)
  Psyche (D:9)
  A hornet (D:7)
  A troll (D:9)
  A shadow (D:9)
  A vampire (D:11)
  A wraith (D:11)
  14 yaks
  A wyvern (D:9)
  A steam dragon (D:9)
  A redback simulacrum (D:10)
  A vampire mosquito (D:11)
  A water moccasin (D:9)
  2 black bears (D:8)
  An ice beast (D:8)
  2 orc warriors
  4 ogres
  A centaur (D:10)
  2 kobold brigands
  A phantom (D:7)
  2 bullfrogs (D:8)
  A gnoll sergeant (D:9)
  2 scorpions
  A wight (D:8)
  8 killer bees (D:8)
  A howler monkey (D:5)
  9 orc priests
  A gnoll bouda (D:10)
  3 hounds
  2 sleepcaps
  2 iguanas
  5 orc wizards
  15 gnolls
  7 adders
  A shadow imp (D:6)
  2 white imps
  3 worms (D:2)
  35 orcs
  A goblin (D:3)
  A hobgoblin (D:2)
  5 jackals
  3 quokkas
  3 ball pythons
  2 bats
  2 frilled lizards
  11 kobolds
  3 rats
177 creatures vanquished.

Vanquished Creatures (others)
  A boulder beetle (D:11)
  A two-headed ogre (D:8)
  An ugly thing (D:11)
  A troll (D:10)
  2 wyverns
  5 yaks
  A vampire mosquito (D:11)
  2 orc warriors (D:7)
  An ogre (D:5)
  A bullfrog (D:8)
  A wight (D:8)
  6 killer bees
  2 orc priests (D:9)
  4 orc wizards
  2 gnolls (D:6)
  6 orcs
37 creatures vanquished.

Grand Total: 275 creatures vanquished

Notes
Turn   | Place    | Note
-------+----------+-------------------------------------------
     0 | D:1      | croobank the Octopode Summoner began the quest for the Orb.
     0 | D:1      | Reached XP level 1. HP: 11/11 MP: 3/3
   130 | D:1      | Reached XP level 2. HP: 10/17 MP: 1/5
   184 | D:1      | Learned a level 2 spell: Call Imp
   497 | D:1      | Found a faded altar of an unknown god.
   840 | D:2      | Reached XP level 3. HP: 16/22 MP: 3/6
   844 | D:2      | Learned a level 3 spell: Call Canine Familiar
   955 | D:2      | Reached skill level 1 in Shields
  1093 | D:2      | Reached skill level 1 in Fighting
  1093 | D:2      | Reached XP level 4. HP: 24/28 MP: 5/7
  2391 | D:3      | Noticed an ogre
  2397 | D:3      | Killed an ogre
  2398 | D:3      | Reached XP level 5. HP: 33/33 MP: 0/9
  2520 | D:3      | Learned a level 3 spell: Summon Guardian Golem
  2997 | D:4      | Found a radiant altar of Vehumet.
  3132 | D:4      | Reached XP level 6. HP: 30/39 MP: 4/10
  3867 | D:5      | Entered Level 5 of the Dungeon
  3876 | D:5      | Reached skill level 1 in Hexes
  3902 | D:5      | Reached XP level 7. HP: 36/45 MP: 2/11
  4083 | D:5      | Reached skill level 5 in Summonings
  5002 | D:6      | Found a stormy altar of Qazlal.
  5277 | D:6      | Found Keuhurax's Book Boutique.
  5399 | D:5      | Reached XP level 8. HP: 21/51 MP: 4/13
  5779 | D:6      | Identified the amulet "Hidoruol" {Acrobat Rampage Int+4}
  6256 | D:6      | Learned a level 4 spell: Summon Lightning Spire
  6572 | D:7      | Reached skill level 1 in Air Magic
  6730 | D:7      | Noticed a hornet
  6740 | D:7      | Killed a hornet
  6984 | D:7      | Reached XP level 9. HP: 58/58 MP: 2/15
  7120 | D:7      | Found a staircase to the Ecumenical Temple.
  7153 | Temple   | Entered the Ecumenical Temple
  7158 | Temple   | Became a worshipper of Gozag Ym Sagoz the Greedy
  7415 | D:7      | Reached skill level 5 in Dodging
  8250 | D:8      | Reached skill level 5 in Spellcasting
  8390 | D:8      | Noticed a two-headed ogre
  8402 | D:8      | Killed a two-headed ogre
  8403 | D:8      | Reached skill level 5 in Fighting
  8442 | D:8      | Reached XP level 10. HP: 33/66 MP: 6/18
  8594 | D:8      | Reached skill level 5 in Hexes
  8829 | D:8      | Reached skill level 1 in Transmutations
  8829 | D:8      | Reached skill level 1 in Earth Magic
  9425 | D:8      | Found a staircase to the Lair.
  9669 | D:9      | Noticed an orange demon
  9670 | D:9      | Noticed Amaemon
  9681 | D:9      | Killed an orange demon
  9687 | D:9      | Killed Amaemon
 10069 | D:9      | Noticed Psyche
 10106 | D:9      | Killed Psyche
 10107 | D:9      | Reached skill level 5 in Transmutations
 10107 | D:9      | Reached skill level 5 in Earth Magic
 10219 | D:9      | Reached XP level 11. HP: 72/72 MP: 9/19
 10425 | D:9      | Found a sparkling altar of Nemelex Xobeh.
 10465 | D:9      | Noticed Erica
 10475 | D:9      | Killed Erica
 10768 | D:9      | Found a staircase to the Orcish Mines.
 11689 | D:10     | Entered Level 10 of the Dungeon
 12805 | D:10     | Identified a scroll of acquirement
 12805 | D:10     | Acquired the +0 hat of Noon {Int+3}
 12827 | D:10     | Learned a level 6 spell: Statue Form
 12857 | D:11     | Noticed a boulder beetle
 12864 | D:11     | Found Qusumaec's Antique Armour Shoppe.
 12882 | D:11     | Killed a boulder beetle
 13161 | D:11     | Noticed Nergalle
 13183 | D:11     | Killed Nergalle
 13435 | D:11     | Noticed a white ugly thing
 13448 | D:11     | Killed a white ugly thing
 13459 | D:11     | Noticed a two-headed ogre
 13471 | D:11     | Killed a two-headed ogre
 13472 | D:11     | Reached XP level 12. HP: 77/77 MP: 1/21
 13733 | D:11     | Found Pazusur's Distillery.
 13737 | D:11     | Bought a potion of curing for 51 gold pieces
 13737 | D:11     | Bought 2 potions of curing for 102 gold pieces
 13737 | D:11     | Bought a potion of heal wounds for 85 gold pieces
 13737 | D:11     | Bought a potion of berserk rage for 85 gold pieces
 13757 | D:11     | Found Uqynuk's Distillery.
 13762 | D:11     | Bought a potion of magic for 104 gold pieces
 13762 | D:11     | Bought a potion of mutation for 104 gold pieces
 13762 | D:11     | Bought a potion of magic for 104 gold pieces
 13762 | D:11     | Bought a potion of magic for 104 gold pieces
 13762 | D:11     | Bought a potion of cancellation for 104 gold pieces
 13762 | D:11     | Bought a potion of brilliance for 52 gold pieces
 13849 | D:11     | Noticed Sonja
 13869 | D:11     | Killed Sonja
 14104 | D:11     | Noticed a boulder beetle
 14114 | D:11     | Killed a boulder beetle
 14184 | D:11     | Found Meuduke's Antique Weapon Emporium.
 14301 | D:11     | Found Errasuc's Magic Scroll Emporium.
 14307 | D:11     | Bought a scroll of identify for 30 gold pieces
 14307 | D:11     | Bought a scroll of identify for 30 gold pieces
 14307 | D:11     | Bought a scroll of blinking for 112 gold pieces
 14307 | D:11     | Bought a scroll of identify for 30 gold pieces
 14310 | D:11     | Noticed Erolcha
 14331 | D:11     | Slain by Erolcha

Illustrated notes

Levels and vault maps discovered:
D:1:      minmay_arrival_cross, layout_basic, serial_forest,
          infiniplex_forest_clump_long, infiniplex_forest_clump_double,
          infiniplex_forest_end_2, infiniplex_forest_clump_small,
          infiniplex_forest_lined_1, ebering_ecumenical_altar_ruins,
          minmay_misc_feat_secret_circle
D:2:      layout_loops_ring
D:3:      layout_loops_corners, grunt_decor_mini_mirrors
D:4:      layout_loops_corners, kennysheep_mini_moat
D:5:      layout_loops_ring
D:6:      layout_cave_pods, kennysheep_little_box, serial_shops,
          nicolae_shop_behind_doors
D:7:      layout_basic, minmay_temple_entry_mini_moons
D:8:      layout_rooms, due_lair_maze_entry_diamond
D:9:      layout_roguey, nemelex_altar_shiori, minmay_orc_entry_temple_small,
          serial_rivers, chequers_serial_rivers_room_b,
          chequers_serial_rivers_micro_e, chequers_serial_rivers_large_b,
          chequers_serial_rivers_micro_e, chequers_serial_rivers_micro_a,
          uniq_psyche, uniq_amaemon, uniq_erica
D:10:     layout_irregular_city, serial_column_ruins, column_ruins_hut,
          column_ruins_hut, column_ruins_columns_corner,
          column_ruins_open_small, column_ruins_open_small,
          column_ruins_corridor_straight, column_ruins_grid_1,
          column_ruins_open_large
D:11:     layout_roguey, serial_shops, shop_fountains, shop,
          nicolae_shop_overgrown_old_shop, nicolae_shop_tiny_statue_garden,
          nicolae_shop_trees, uniq_erolcha, uniq_nergalle, uniq_sonja
Temple:   nicolae_temple_bog_church

Skill      XL: |  1  2  3  4  5  6  7  8  9 10 11 12 |
---------------+-------------------------------------+-----
Stealth        | 3 4 |  4.0
Shields        | 1 2 3 4 |  4.0
Fighting       | 1 2 4 5 |  5.4
Dodging        | 3 4 5 6 |  6.1
Spellcasting   | 3 4 5 6 7 |  7.0
Hexes          | 1 2 3 4 5 |  5.0
Summonings     | 5 6 7 |  7.1
Air Magic      | 2 3 4 |  4.0
Transmutations | 5 8 9 |  9.1
Earth Magic    | 5 8 9 |  9.1

Action                     |  1- 3 |  4- 6 |  7- 9 | 10-12 || total
---------------------------+-------+-------+-------+-------++-------
  Melee: Tentacles         |     8 |     4 |    23 |    21 ||    56
         Unarmed           |     2 |       |       |       ||     2
         Dagger            |    25 |    16 |    29 |    10 ||    80
         Constrict         |     7 |    11 |    22 |     9 ||    49
         Punch             |     1 |       |     3 |     1 ||     5
         Flail             |       |    25 |    49 |    60 ||   134
  Throw: Throwing net      |       |       |     1 |       ||     1
         Dart              |       |       |     2 |       ||     2
   Cast: Summon Small Mamm |    21 |    15 |    27 |    11 ||    74
         Call Imp          |     9 |    12 |    23 |    15 ||    59
         Call Canine Famil |     2 |    13 |    34 |    30 ||    79
         Summon Guardian G |       |     1 |    24 |    28 ||    53
         Summon Lightning  |       |       |     4 |    42 ||    46
         Statue Form       |       |       |       |     3 ||     3
  Evoke: Wand              |       |       |       |     4 ||     4
    Use: Scroll            |       |     2 |    11 |    17 ||    30
         Potion            |       |       |     4 |     7 ||    11
   Stab: Sleeping          |     2 |    14 |     3 |     3 ||    22
         Distracted        |       |       |     1 |     1 ||     2
 Armour: Skin              |     2 |     4 |     9 |    40 ||    55
  Dodge: Dodged            |    12 |    25 |    68 |    96 ||   201
  Block: Buckler           |     3 |     5 |    43 |    50 ||   101
         Reflection        |       |       |     1 |       ||     1
